 Dungeon Crawl Stone Soup version 0.29-a0-322-g68df515428 (webtiles) character file.

Game seed: 14720690145147870289

16581 Murumi the Unseen (level 12, -21/70 HPs)
             Began as a Vampire Enchanter on Apr 9, 2022.
             Was the Champion of Okawaru.
             Demolished by a catoblepas (22 damage)
             ... on level 2 of the Lair of Beasts.
             The game lasted 00:44:04 (12539 turns).

Murumi the Unseen (Vampire Enchanter)              Turns: 12539, Time: 00:44:05

Health: -21/70     AC: 18    Str:  7    XL:     12   Next: 11%
Magic:  8/21       EV: 15    Int: 20    God:    Okawaru [******]
Gold:   514        SH:  0    Dex: 26    Spells: 14/23 levels left

rFire   . . .      SeeInvis +   a - +1 dagger
rCold   + + .      Faith    .   (no shield)
rNeg    + + +      Spirit   .   v - +2 steam dragon scales
rPois   ∞          Reflect  .   E - +2 hat {Int+3}
rElec   +          Harm     .   s - +1 cloak {rPois}
rCorr   .          Rampage  .   t - +1 pair of gloves "Xuuqi" {rElec Will+}
Will    ++...                   z - +0 pair of boots
Stlth   +++++++++.              (no amulet)
HPRegen 0.00/turn               e - +6 ring of dexterity
MPRegen 0.17/turn               y - +4 ring of protection

@: confusing by touch, bloodless, inhibited regen, invisible
A: bloodless, fangs 3, see invisible, vampiric 2
a: Bat Form, Revivify, Renounce Religion, Heroism, Finesse, Duel


You were on level 2 of the Lair of Beasts.
You worshipped Okawaru.
Okawaru was exalted by your worship.
You visited 2 branches of the dungeon, and saw 12 of its levels.

You collected 628 gold pieces.
You spent 114 gold pieces at shops.

Inventory:

Hand Weapons
 a - a +1 dagger (weapon)
Missiles
 A - 3 throwing nets
Armour
 s - a +1 cloak of poison resistance (worn)
 t - the +1 pair of gloves "Xuuqi" (worn) {rElec Will+}
   (Okawaru gifted it to you on level 1 of the Lair of Beasts)

   rElec:     It insulates you from electricity.
   Will:      It increases your willpower.
 v - +2 steam dragon scales (worn)
 z - a +0 pair of boots (worn)
 E - a +2 hat of intelligence (worn)
Jewellery
 e - a +6 ring of dexterity (left hand)
 y - a +4 ring of protection (right hand)
Wands
 n - a wand of paralysis (11)
 q - a wand of acid (8)
 w - a wand of mindburst (2)
 B - a wand of flame (30)
Scrolls
 b - a scroll of fog
 i - 3 scrolls of vulnerability
 k - 3 scrolls of magic mapping
 o - 2 scrolls of amnesia
 p - 2 scrolls of enchant weapon
 r - 5 scrolls of teleportation
 C - a scroll of blinking
Potions
 c - a potion of invisibility
 d - 4 potions of brilliance
 f - 4 potions of curing
 g - 2 potions of flight
 h - 4 potions of haste
 l - a potion of might
 m - a potion of berserk rage {unknown}
 u - 2 potions of heal wounds
 x - 2 potions of cancellation
 D - a potion of mutation {unknown}


   Skills:
 - Level 6.0 Fighting
 - Level 9.0 Short Blades
 - Level 2.0 Armour
 - Level 4.0 Dodging
 - Level 16.0 Stealth
 - Level 6.0 Spellcasting
 - Level 2.0 Conjurations
 + Level 13.8 Hexes
 - Level 2.0 Translocations
 - Level 4.0 Ice Magic
 - Level 3.0 Invocations


You had 14 spell levels left.
You knew the following spells:

 Your Spells              Type           Power      Damage    Failure   Level
a - Ensorcelled Hibernat  Hex/Ice        82%        N/A       1%          2
b - Confusing Touch       Hex            57%        N/A       1%          3
c - Dazzling Flash        Conj/Hex       74%        N/A       1%          3
d - Apportation           Tloc           28%        N/A       4%          1

Your spell library contained the following spells:

 Spells                   Type           Power      Damage    Failure   Level
 Inner Flame              Hex/Fire       33%        N/A       1%          3
 Magic Dart               Conj           56%        1d5       4%          1
 Foxfire                  Conj/Fire      40%        2x1d6     7%          1
 Sandblast                Erth           12%        2d6       11%         1
 Sting                    Tmut/Pois      24%        1d4       11%         1
 Gell's Gravitas          Tloc           14%        N/A       14%         3
 Lesser Beckoning         Tloc           14%        N/A       14%         3
 Teleport Other           Tloc           14%        N/A       14%         3
 Passwall                 Tmut/Erth      5%         N/A       16%         2
 Poisonous Vapours        Pois/Air       12%        N/A       16%         2
 Conjure Flame            Conj/Fire      10%        6-21      21%         3
 Stone Arrow              Conj/Erth      20%        3d8       21%         3
 Mephitic Cloud           Conj/Pois/Air  8%         N/A       24%         3
 Swiftness                Air            6%         N/A       30%         3
 Flame Wave               Conj/Fire      10%        2d5       56%         4
 Olgreb's Toxic Radiance  Pois           6%         N/A       71%         4
 Lehudib's Crystal Spear  Conj/Erth      5%         10d3      100%        8
 Summon Guardian Golem    Hex/Summ       Unusable   N/A       N/A         3
 Tukima's Dance           Hex            Unusable   N/A       N/A         3
 Animate Skeleton         Necr           Unusable   N/A       N/A         1
 Summon Small Mammal      Summ           Unusable   N/A       N/A         1
 Call Imp                 Summ           Unusable   N/A       N/A         2
 Call Canine Familiar     Summ           Unusable   N/A       N/A         3
 Animate Armour           Summ/Erth      Unusable   N/A       N/A         4

Dungeon Overview and Level Annotations

Branches:
Dungeon (10/15)            Temple (0/1) D:5            Lair (2/6) D:9
  Snake (0/4) Lair:2
  Swamp: Lair:2-4    Shoals: Lair:2-4       Orc: D:9-12

Altars:
Hepliaklqana
Nemelex Xobeh
Okawaru
Ru
Vehumet
Zin

Shops:
D:3 *


Innate Abilities, Weirdness & Mutations

You do not regenerate when monsters are visible.
You are frail without blood (-20% HP).
You can heal yourself when you bite living creatures.
You are immune to poison.
You have razor-sharp teeth.
You have supernaturally acute eyesight. (SInv)
You are afflicted with vampirism and can become a bat while bloodless.


Message History

You hit the catoblepas but do no damage.
You bite the catoblepas.
You draw the catoblepas's blood!
You feel better.
The catoblepas is lightly wounded.
Your hands stop glowing.
The catoblepas gores you!!
* * * LOW HITPOINT WARNING * * *
Okay, then.
Aiming: Paralyse
Press: ? - help, Shift-Dir - straight line, f - catoblepas
Aim: a catoblepas (lightly wounded, chance to affect: 1%)
Okay, then.
Casting: Confusing Touch (safe; 1% risk of failure)
Confirm with . or Enter, or press ? or * to list all spells.
Your hands begin to glow red.
The catoblepas misses you.
You hit the catoblepas but do no damage.
The catoblepas is lightly wounded.
The catoblepas gores you.
* * * LOW HITPOINT WARNING * * *
You fade into invisibility!
The catoblepas breathes a plume of calcifying dust at you.
The blast of calcifying dust hits you but does no damage.
You catch the helpless catoblepas completely off-guard!
You hit the catoblepas but do no damage.
The catoblepas is lightly wounded.
You hit the catoblepas but do no damage.
The catoblepas is lightly wounded.
The catoblepas closely misses you.
You catch the helpless catoblepas completely off-guard!
You hit the catoblepas but do no damage.
You bite the catoblepas, but do no damage.
You catch the helpless catoblepas completely off-guard!
You hit the catoblepas but do no damage.
The catoblepas closely misses you.
You hit the catoblepas but do no damage.
You hit the catoblepas but do no damage.
The catoblepas barely misses you.
You hit the catoblepas but do no damage.
You hit the catoblepas but do no damage.
The catoblepas gores you!!
You die...

... .###### . .. ..P....
...#.##.#### .......
#...##...P.P. ......
#...##......... #....
#.............. #....
##...##......#..
###..##....#..# ####.
.##....@.#...#P†####.##.
.§.§.§§Y................
........................
........................
........................
..................$.....
.#..##..##....P.....##..
..## ######..####..##...
.. ##..##.........


You could see a catoblepas (can't see you).

Vanquished Creatures
  Gastronok (Lair:1)
  Harold (D:9)
  A centaur warrior (D:8)
  A manticore (D:10)
  An elephant (D:9)
  3 black mambas
  Joseph (D:7)
  4 cane toads (Lair:1)
  4 komodo dragons
  3 polar bears
  2 hornets (D:9)
  3 wyverns
  4 steam dragons
  2 basilisks (D:9)
  15 yaks
  Menkaure (D:5)
  2 nagas (Lair:2)
  7 water moccasins
  An acid dragon (D:9)
  An orc warrior (D:8)
  An ice beast (D:6)
  A sky beast (D:7)
  2 black bears
  6 wolves (Lair:1)
  2 ogres
  5 centaurs
  5 phantoms
  A kobold brigand (D:9)
  7 bullfrogs
  2 necrophages
  A scorpion (D:4)
  10 wights
  8 howler monkeys
  7 hounds
  4 jellies
  Crazy Yiuf (D:3)
  2 gnoll shamans
  8 orc priests
  6 iguanas
  Terence (D:2)
  6 orc wizards
  7 adders
  5 gnolls
  A shadow imp (D:7)
  A white imp (D:7)
  2 worms
  41 orcs
  5 ball pythons
  A bat (D:2)
  9 endoplasms
  2 giant cockroaches
  4 goblins
  3 hobgoblins
  2 quokkas
  2 frilled lizards (D:2)
  7 kobolds
  4 rats
240 creatures vanquished.

Vanquished Creatures (others)
  A fungus (Lair:1)
  2 plants
3 creatures vanquished.

Grand Total: 243 creatures vanquished

Notes
Turn   | Place    | Note
-------+----------+-------------------------------------------
     0 | D:1      | Murumi the Vampire Enchanter began the quest for the Orb.
     0 | D:1      | Reached XP level 1. HP: 13/13 MP: 3/3
   436 | D:1      | Reached skill level 5 in Stealth
   818 | D:1      | Reached XP level 2. HP: 15/15 MP: 5/5
   936 | D:1      | Learned a level 2 spell: Ensorcelled Hibernation
  1099 | D:2      | Reached skill level 5 in Hexes
  1159 | D:2      | Noticed Terence
  1166 | D:2      | Killed Terence
  1167 | D:2      | Reached skill level 1 in Fighting
  1167 | D:2      | Reached skill level 1 in Ice Magic
  1167 | D:2      | Gained mutation: You are afflicted with vampirism and can
                  | become a bat while bloodless. [Vampire growth]
  1167 | D:2      | Reached XP level 3. HP: 20/20 MP: 6/6
  1534 | D:2      | Found a faded altar of an unknown god.
  1534 | D:2      | Noticed a Tzitzimitl
  1620 | D:2      | Reached XP level 4. HP: 26/26 MP: 7/7
  1829 | D:3      | Reached skill level 6 in Stealth
  1830 | D:3      | Reached XP level 5. HP: 30/30 MP: 8/8
  1937 | D:3      | Found an iron altar of Okawaru.
  1941 | D:3      | Became a worshipper of Warmaster Okawaru
  1945 | D:3      | Found a radiant altar of Vehumet.
  2082 | D:3      | Noticed a phantom
  2153 | D:2      | Learned a level 3 spell: Confusing Touch
  2160 | D:2      | Killed a phantom
  2161 | D:2      | Reached skill level 1 in Armour
  2161 | D:2      | Reached skill level 1 in Invocations
  2161 | D:2      | Reached skill level 7 in Stealth
  2438 | D:3      | Learned a level 3 spell: Dazzling Flash
  2776 | D:3      | Found Umnehiats's General Store.
  2781 | D:3      | Bought a scroll of identify for 24 gold pieces
  2782 | D:3      | Bought a scroll of enchant weapon for 90 gold pieces
  3080 | D:3      | Found a runed translucent door.
  3081 | D:3      | Noticed Crazy Yiuf
  3136 | D:3      | Killed Crazy Yiuf
  3137 | D:3      | Reached XP level 6. HP: 35/35 MP: 9/9
  3371 | D:4      | Reached skill level 1 in Conjurations
  3478 | D:4      | Found a hazy altar of Hepliaklqana.
  3698 | D:4      | Reached * piety under Okawaru
  3699 | D:4      | Reached skill level 8 in Stealth
  4303 | D:4      | Reached XP level 7. HP: 40/40 MP: 0/10
  4570 | D:5      | Entered Level 5 of the Dungeon
  4994 | D:5      | Noticed Menkaure
  4997 | D:5      | Killed Menkaure
  5169 | D:5      | Found a staircase to the Ecumenical Temple.
  5250 | D:5      | Reached skill level 9 in Stealth
  5291 | D:5      | Reached XP level 8. HP: 46/46 MP: 1/12
  5379 | D:5      | Learned a level 1 spell: Apportation
  5419 | D:5      | Reached ** piety under Okawaru
  5420 | D:5      | Reached skill level 1 in Translocations
  5740 | D:5      | Reached skill level 5 in Short Blades
  6250 | D:5      | Reached skill level 10 in Stealth
  7159 | D:6      | Reached XP level 9. HP: 52/52 MP: 11/15
  7164 | D:6      | Reached *** piety under Okawaru
  7497 | D:6      | Reached skill level 11 in Stealth
  7920 | D:7      | Reached skill level 10 in Hexes
  8015 | D:7      | Reached **** piety under Okawaru
  8094 | D:7      | Noticed Joseph
  8096 | D:7      | Killed Joseph
  8102 | D:7      | Reached skill level 12 in Stealth
  8513 | D:7      | Reached XP level 10. HP: 56/56 MP: 3/16
  8636 | D:7      | Received a gift from Okawaru
  9091 | D:8      | Reached skill level 5 in Fighting
  9095 | D:8      | Reached ***** piety under Okawaru
  9099 | D:8      | Reached skill level 5 in Spellcasting
  9928 | D:8      | Noticed a centaur warrior
  9933 | D:8      | Killed a centaur warrior
  9934 | D:8      | Reached skill level 13 in Stealth
 10076 | D:8      | Found a sacrificial altar of Ru.
 10337 | D:9      | Noticed Harold
 10343 | D:9      | Killed Harold
 10522 | D:9      | Noticed an elephant
 10524 | D:9      | Reached XP level 11. HP: 55/63 MP: 13/18
 10539 | D:9      | Reached skill level 14 in Stealth
 10558 | D:9      | Found a staircase to the Lair.
 10786 | D:9      | Found a sparkling altar of Nemelex Xobeh.
 11120 | D:10     | Entered Level 10 of the Dungeon
 11152 | Lair:1   | Entered Level 1 of the Lair of Beasts
 11170 | Lair:1   | Noticed Gastronok
 11190 | Lair:1   | Killed Gastronok
 11190 | Lair:1   | Reached ****** piety under Okawaru
 11190 | Lair:1   | Received a gift from Okawaru
 11769 | Lair:1   | Reached skill level 15 in Stealth
 12119 | Lair:1   | Identified the +1 pair of gloves "Xuuqi" {rElec Will+}
                  | (Okawaru gifted it to you on level 1 of the Lair of Beasts)
 12119 | Lair:1   | Received a gift from Okawaru
 12397 | Lair:2   | Found a staircase to the Snake Pit.
 12424 | Lair:2   | Reached XP level 12. HP: 70/70 MP: 21/21
 12449 | Lair:2   | Reached skill level 16 in Stealth
 12494 | Lair:2   | Noticed a catoblepas
 12529 | Lair:2   | HP: 1/70 [catoblepas (4)]
 12539 | Lair:2   | Demolished by a catoblepas

Illustrated notes

Levels and vault maps discovered:
D:1:      erik_arrival_blinker_ship, layout_loops_cross
D:2:      minmay_chambers_of_ones, layout_basic,
          dreamdust_ecumenical_altar_sealed_demon, uniq_terence
D:3:      layout_basic, grunt_temple_overflow_diamond, serial_shops,
          nicolae_shop_hallway_stairs, uniq_crazy_yiuf_cottage
D:4:      layout_basic, worldfamousw_hep_ancestral_shrine
D:5:      layout_cave_pods, minmay_temple_entry_mist, minivault_4, st_stairs_2,
          minmay_fractal_squares_diagonal_5, uniq_menkaure
D:6:      layout_basic, nzn_random_ring
D:7:      layout_basic, uniq_joseph
D:8:      layout_loops_ring, mainiacjoe_overflow_chevrons
D:9:      layout_rooms, nemelex_xobeh_ov_fountains_minmay, david_lair_generic,
          uniq_harold
D:10:     layout_loops_ring, uniq_maurice
Lair:1:   layout_chaotic_city, grunt_megastairs_4, lemuel_fruit_fields,
          lemuel_fruit_tree, infiniplex_staircase_pool_2, uniq_gastronok
Lair:2:   layout_regular_city, minmay_snake_entry_guardpost_medium

Skill      XL: |  1  2  3  4  5  6  7  8  9 10 11 12 |
---------------+-------------------------------------+-----
Stealth        | 5 6 7 8 9 10 12 13 15 16 | 16.0
Short Blades   | 2 3 4 5 7 8 9 |  9.0
Hexes          | 5 6 7 9 10 12 13 | 13.8
Fighting       | 1 2 3 4 5 6 |  6.0
Ice Magic      | 1 2 3 4 |  4.0
Armour         | 1 2 |  2.0
Invocations    | 1 2 3 |  3.0
Conjurations   | 1 2 |  2.0
Spellcasting   | 3 4 5 6 |  6.0
Translocations | 1 2 |  2.0
Dodging        | 3 4 |  4.0

Action                   |  1- 3 |  4- 6 |  7- 9 | 10-12 || total
-------------------------+-------+-------+-------+-------++-------
Melee: Dagger            |    32 |    85 |   170 |   204 ||   491
       Bite              |     1 |    11 |    21 |    23 ||    56
       Punch             |       |     1 |     1 |     4 ||     6
 Cast: Ensorcelled Hiber |     4 |    25 |    74 |    87 ||   190
       Confusing Touch   |       |     2 |     8 |     9 ||    19
 Abil: Exsanguinate      |     1 |       |       |       ||     1
  Use: Scroll            |     3 |     4 |     6 |     9 ||    22
       Potion            |       |     1 |       |     1 ||     2
 Stab: Sleeping          |    16 |    40 |    53 |    88 ||   197
       Confused          |       |     1 |     7 |     8 ||    16
       Distracted        |       |       |     5 |       ||     5
       Invisible         |       |       |       |     3 ||     3
Armor: Robe              |     1 |     9 |    48 |       ||    58
       Steam dragon scal |       |       |     6 |    54 ||    60
Dodge: Dodged            |     9 |    28 |    82 |    67 ||   186

Table legend: (Time is in decaauts)
 A = Elapsed time spent in this place.
 B = Non-inter-level travel time spent in this place.
 C = Inter-level travel time spent in this place.
 D = Time resting spent in this place.
 E = Time spent auto-exploring this place.
 F = Levels seen in this place.
 G = Mean time per level.
                   A        B        C        D        E       F      G
               +--------+--------+--------+--------+--------+-----+--------+
         Total |  12425 |  11306 |   1119 |     13 |   9323 |  12 | 1035.4 |
       Dungeon |  11073 |  10052 |   1021 |     13 |   8366 |  10 | 1107.3 |
          Lair |   1351 |   1253 |     98 |      0 |    957 |   2 |  675.5 |
               +--------+--------+--------+--------+--------+-----+--------+

Top non-repeatable levels by time:
     D:5: 1701 daAuts
     D:6: 1597 daAuts
     D:4: 1331 daAuts
     D:3: 1232 daAuts
  Lair:1: 1189 daAuts
     D:7: 1161 daAuts
     D:2: 1071 daAuts
     D:8: 1040 daAuts
     D:1: 1025 daAuts
     D:9: 908 daAuts
  Lair:2: 162 daAuts
    D:10: 4 daAuts
